 Dungeon Crawl Stone Soup version 0.25.1-2-g60ff931df9 (webtiles) character file.

Game seed: 14323339027334343809

221 Araneus the Shield-Bearer (level 5, 0/41 HPs)
             Began as a Demonspawn Fighter on Oct 23, 2020.
             Was an Initiate of Okawaru.
             Slain by a gnoll
             ... wielding a +0 flail
              (8 damage)
             ... on level 4 of the Dungeon.
             The game lasted 00:07:20 (3005 turns).

Araneus the Shield-Bearer (Demonspawn Fighter)      Turns: 3005, Time: 00:07:21

Health: 0/41       AC:  8    Str: 17    XL:     5   Next: 65%
Magic:  5/5        EV:  4    Int: 10    God:    Okawaru [......]
Gold:   120        SH: 15    Dex: 12    Spells: 4/4 levels left

rFire    + . .     SeeInvis .   a - +0 flail
rCold    + . .     Gourm    .   c - +0 kite shield
rNeg     . . .     Faith    .   j - +0 chain mail
rPois    .         Spirit   .   (helmet restricted)
rElec    .         Reflect  .   x - scarf {rC+ rF+}
rCorr    .         Harm     .   (no gloves)
MR       .....                  (no boots)
Stlth    ..........             (no amulet)
HPRegen  0.13/turn              (no ring)
MPRegen  0.09/turn              (no ring)

@: no status effects
A: horns 1, large bone plates 2
a: Renounce Religion


You were on level 4 of the Dungeon.
You worshipped Okawaru.
Okawaru was noncommittal.
You were not hungry.

You visited 1 branch of the dungeon, and saw 4 of its levels.

You collected 120 gold pieces.

Inventory:

Hand Weapons
 a - a +0 flail (weapon)
Armour
 c - a +0 kite shield (worn)
 j - a +0 chain mail (worn)
 w - a +0 cloak
 x - a scarf of resistance (worn)
Scrolls
 b - 2 scrolls of identify
 e - 2 scrolls of immolation
 i - 2 scrolls of magic mapping {unknown}
 k - 2 scrolls of teleportation {unknown}
 p - a scroll of fear {unknown}
 q - a scroll of enchant weapon {unknown}
 r - a scroll of amnesia {unknown}
 t - 2 scrolls of enchant armour {unknown}
 u - 2 scrolls of remove curse {unknown}
 v - a scroll of noise {unknown}
Potions
 d - a potion of might
 g - a potion of ambrosia {unknown}
 h - 2 potions of haste
 m - 2 potions of curing
 n - a potion of mutation
 s - a potion of invisibility {unknown}
Comestibles
 f - 7 rations
 l - 2 chunks of flesh


   Skills:
 - Level 3.0 Fighting
 + Level 4.2 Maces & Flails
 - Level 2.6 Armour
 + Level 4.4 Shields


You had 4 spell levels left.
You didn't know any spells.
Your spell library was empty.

Dungeon Overview and Level Annotations

Branches:
Dungeon (4/15)
 Temple: D:4-7

Altars:
Hepliaklqana
Okawaru
Wu Jian
Xom
The Shining One


Innate Abilities, Weirdness & Mutations

You have a pair of small horns on your head.
You are mostly covered in large bone plates. (SH +6)


Message History

The gnoll is heavily wounded.
The gnoll throws a stone.
You block the stone. The gnoll hits you with a +0 whip.
* * * LOW HITPOINT WARNING * * *
You block the gnoll's attack.
You thump the gnoll!
You kill the gnoll!
Okawaru accepts your kill. You block the gnoll's attack. The gnoll hits you.
* * * LOW HITPOINT WARNING * * *
You closely miss the gnoll. You headbutt the gnoll.
The gnoll is heavily wounded.
You block the gnoll's attack. The gnoll hits you but does no damage.
You closely miss the gnoll.
The gnoll is heavily wounded.
The gnoll hits you but does no damage. You block the gnoll's attack.
You hit the gnoll.
The gnoll is severely wounded.
The gnoll completely misses you. The gnoll hits you with a +0 flail!
You die...

###...## #### #....(###
##.....# ##..## ##....(g##
#......###....###....g...##
#....##........##.......g..##
#...#
###.................g.## ####
##........###..........#
#.........####.........##
##.......g..# ##.........#
#.......g@)># #..........
##...........## ##........(
#.............# #......#..
#.......<.....# ########..
###.......[...# ##...
####.[..(...# ###....
###.##...# ##...... ###
#.###### ##......# #.#####.#
###....####


You could see 2 gnolls.

Vanquished Creatures
  A hound (D:2)
  A gnoll shaman (D:4)
  A gnoll (D:4)
  7 adders
  2 oozes (D:3)
  A worm (D:2)
  3 dart slugs
  5 leopard geckos
  3 orcs
  2 giant cockroaches
  6 goblins
  7 hobgoblins
  3 jackals (D:1)
  10 kobolds
  A quokka (D:2)
  12 bats
  A frilled lizard (D:3)
  A quokka skeleton (D:4)
  6 rats
73 creatures vanquished.

Notes
Turn   | Place    | Note
-------+----------+-------------------------------------------
     0 | D:1      | Araneus the Demonspawn Fighter began the quest for the Orb.
     0 | D:1      | Reached XP level 1. HP: 18/18 MP: 1/1
   111 | D:1      | Gained mutation: You are partially covered in large bone
                  | plates. (SH +4) [demonic ancestry]
   111 | D:1      | Reached XP level 2. HP: 18/24 MP: 2/2
   675 | D:1      | Gained mutation: You have a pair of small horns on your
                  | head. [demonic ancestry]
   675 | D:1      | Reached XP level 3. HP: 26/29 MP: 3/3
  1027 | D:2      | Found a hazy altar of Hepliaklqana.
  1030 | D:2      | Found a shimmering altar of Xom.
  1506 | D:2      | Gained mutation: You are mostly covered in large bone
                  | plates. (SH +6) [demonic ancestry]
  1506 | D:2      | Reached XP level 4. HP: 30/35 MP: 4/4
  1883 | D:3      | Found an ornate altar of the Wu Jian Council.
  2141 | D:3      | Reached XP level 5. HP: 41/41 MP: 5/5
  2556 | D:4      | Found an iron altar of Okawaru.
  2575 | D:4      | Became a worshipper of Warmaster Okawaru
  2804 | D:4      | Found a glowing golden altar of the Shining One.
  3005 | D:4      | Slain by a gnoll

Illustrated notes

Levels and vault maps discovered:
D:1:      lemuel_arrival_broad_hall, layout_loops_ring, minmay_misc_feat_cross
D:2:      layout_rooms, lemuel_crystal_altar, xom_butterflies,
          minmay_misc_feat_ornament, minmay_fractal_squares_5
D:3:      layout_basic, nicolae_overflow_hidden_temple, first_ration
D:4:      layout_cave_pods, nicolae_tso_carved_into_rock, okawaru_gym_becter,
          minmay_temple_entry_offerings

Skill      XL: |  1  2  3  4  5 |
---------------+----------------+-----
Maces & Flails | 2 3 4 |  4.2
Shields        | 3 4 |  4.4
Fighting       | |  3.0
Armour         | |  2.6

Action                   |  1- 3 |  4- 6 || total
-------------------------+-------+-------++-------
Melee: Flail             |   155 |   145 ||   300
       Headbutt          |    13 |    21 ||    34
  Use: Scroll            |       |     5 ||     5
  Eat: Chunk             |     2 |     5 ||     7
Armor: Scale mail        |    28 |       ||    28
       Chain mail        |    42 |    64 ||   106
Dodge: Dodged            |    25 |    22 ||    47
Block: Kite shield       |   109 |   177 ||   286
